[ AOE2 MATCH · #474969718 ]
UnrankedBerbers vs Huns
[ REPLAY ANALYSIS · EXTRACTED FROM THE RECORDED GAME ]
Feudal
10:34
Castle
14:36
Imperial
29:06
| APM avg | 43.2 |
| APM peak | 104 |
| eAPM avg | 21.9 |
| Villagers / military | 130 / 109 |
Focus
⚔️ 42.9% · 🌾 57.1%
Camel Archer ×98 · Trebuchet (Packed) ×10 · Trade Cart ×9 · Monk ×1
Feudal
11:09
Castle
14:40
Imperial
29:07
| APM avg | 33.1 |
| APM peak | 77 |
| eAPM avg | 27.1 |
| Villagers / military | 153 / 97 |
Focus
⚔️ 29.5% · 🌾 70.5%
Camel Scout ×30 · Elephant Archer ×30 · Shrivamsha Rider ×23 · Trade Cart ×22 · Armored Elephant ×12 · Scout Cavalry ×2
Feudal
12:32
Castle
16:06
Imperial
35:19
| APM avg | 38.5 |
| APM peak | 80 |
| eAPM avg | 23.2 |
| Villagers / military | 147 / 110 |
Focus
⚔️ 16.0% · 🌾 84.0%
Spearman ×75 · Monk ×24 · Trebuchet (Packed) ×7 · Battering Ram ×3 · Mangonel ×1
Feudal
11:06
Castle
14:55
Imperial
40:44
| APM avg | 37.3 |
| APM peak | 82 |
| eAPM avg | 22.7 |
| Villagers / military | 143 / 107 |
Focus
⚔️ 33.1% · 🌾 66.9%
Militia ×39 · Gbeto ×32 · Spearman ×31 · Bombard Cannon ×3 · Petard ×2
Feudal
10:57
Castle
14:38
Imperial
27:16
| APM avg | 44.9 |
| APM peak | 68 |
| eAPM avg | 25.4 |
| Villagers / military | 161 / 330 |
Focus
⚔️ 23.2% · 🌾 76.8%
Knight ×303 · Trade Cart ×27 · Scout Cavalry ×26 · Monk ×1
Feudal
13:56
Castle
17:33
Imperial
22:23
| APM avg | 40.9 |
| APM peak | 66 |
| eAPM avg | 22.3 |
| Villagers / military | 166 / 258 |
Focus
⚔️ 26.2% · 🌾 73.8%
Flemish Militia ×92 · Hand Cannoneer ×71 · Skirmisher ×56 · Spearman ×33 · Bombard Cannon ×5 · Monk ×1
Feudal
11:20
Castle
23:12
Imperial
—
| APM avg | 45.0 |
| APM peak | 88 |
| eAPM avg | 26.2 |
| Villagers / military | 122 / 5 |
Focus
⚔️ 23.4% · 🌾 76.6%
Mangonel ×5
Feudal
11:36
Castle
15:14
Imperial
40:32
| APM avg | 47.4 |
| APM peak | 143 |
| eAPM avg | 28.0 |
| Villagers / military | 135 / 55 |
Focus
⚔️ 47.1% · 🌾 52.9%
Magyar Huszar ×25 · Skirmisher ×9 · Battering Ram ×9 · Cavalry Archer ×6 · Petard ×5 · Trebuchet (Packed) ×1
Match map
Initial resources + every placement click. Lines = walls · curves = elevation contours. ◆ gold · ⬟ stone · ● berries · ✦ relic · ◌ wall gap
Inputs per minute
— BalvinatoR - - Benedict Cucumberpatch
Build order — BalvinatoR
First 150 of 350 actions detected
| 0:04 | Queue | Villager (Male) |
| 0:04 | Queue | Villager (Male) |
| 0:06 | Build | House |
| 0:07 | Build | House |
| 0:12 | Queue | Villager (Male) |
| 0:12 | Queue | Villager (Male) |
| 0:12 | Queue | Villager (Male) |
| 1:44 | Queue | Villager (Male) |
| 2:08 | Queue | Villager (Male) |
| 2:28 | Queue | Villager (Male) |
| 2:31 | Build | Lumber Camp |
| 2:51 | Queue | Villager (Male) |
| 3:03 | Queue | Villager (Male) |
| 3:31 | Build | House |
| 3:33 | Queue | Villager (Male) |
| 3:42 | Queue | Villager (Male) |
| 4:14 | Queue | Villager (Male) |
| 4:25 | Queue | Villager (Male) |
| 4:41 | Build | Palisade Wall |
| 4:43 | Build | Palisade Wall |
| 4:47 | Queue | Villager (Male) |
| 4:57 | Build | Mill |
| 5:16 | Queue | Villager (Male) |
| 5:30 | Queue | Villager (Male) |
| 5:47 | Queue | Villager (Male) |
| 5:47 | Queue | Villager (Male) |
| 5:56 | Queue | Villager (Male) |
| 6:03 | Build | House |
| 6:31 | Build | House |
| 6:59 | Build | Palisade Wall |
| 7:13 | Queue | Villager (Male) |
| 7:27 | Queue | Villager (Male) |
| 8:13 | Queue | Villager (Male) |
| 8:14 | Queue | Villager (Male) |
| 8:19 | Research | Feudal Age |
| 8:44 | Build | Outpost |
| 9:04 | Build | Mining Camp |
| 9:49 | Build | House |
| 10:13 | Queue | Villager (Male) |
| 10:21 | Build | House |
| 10:34 | Age | Feudal Age |
| 10:37 | Build | Stone Wall |
| 10:38 | Queue | Villager (Male) |
| 10:38 | Queue | Villager (Male) |
| 10:43 | Build | Stone Wall |
| 10:44 | Build | Stone Wall |
| 10:51 | Build | Market |
| 10:54 | Build | Blacksmith |
| 11:56 | Research | Castle Age |
| 12:32 | Build | Mining Camp |
| 12:43 | Research | Double-Bit Axe |
| 12:43 | Queue | Villager (Male) |
| 13:28 | Research | Horse Collar |
| 13:38 | Queue | Villager (Male) |
| 13:38 | Queue | Villager (Male) |
| 14:36 | Age | Castle Age |
| 14:41 | Build | Town Center |
| 14:45 | Research | Bow Saw |
| 15:00 | Queue | Villager (Male) |
| 15:32 | Queue | Villager (Male) |
| 16:13 | Build | Farm |
| 16:15 | Build | Farm |
| 16:16 | Build | Farm |
| 16:17 | Build | Farm |
| 16:19 | Queue | Villager (Male) |
| 16:25 | Queue | Villager (Male) |
| 16:28 | Queue | Villager (Male) |
| 16:30 | Queue | Villager (Male) |
| 16:53 | Queue | Villager (Male) |
| 17:05 | Queue | Villager (Male) |
| 17:09 | Build | Farm |
| 17:21 | Queue | Villager (Male) |
| 17:42 | Build | Castle |
| 17:45 | Queue | Villager (Male) |
| 17:50 | Build | Farm |
| 17:51 | Queue | Villager (Male) |
| 18:00 | Build | Town Center |
| 18:04 | Queue | Villager (Male) |
| 18:09 | Build | Farm |
| 18:10 | Queue | Villager (Male) |
| 18:18 | Build | Farm |
| 18:33 | Build | House |
| 18:35 | Queue | Villager (Male) |
| 18:39 | Build | Farm |
| 18:44 | Build | Farm |
| 18:59 | Queue | Villager (Male) |
| 19:17 | Build | Lumber Camp |
| 19:19 | Queue | Villager (Male) |
| 19:31 | Queue | Villager (Male) |
| 19:43 | Build | House |
| 19:44 | Build | House |
| 19:46 | Queue | Villager (Male) |
| 19:51 | Queue | Villager (Male) |
| 19:52 | Build | Farm |
| 19:53 | Build | Farm |
| 19:53 | Build | Farm |
| 19:53 | Build | Farm |
| 20:00 | Queue | Villager (Male) |
| 20:04 | Queue | Villager (Male) |
| 20:07 | Build | Farm |
| 20:08 | Queue | Villager (Male) |
| 20:25 | Queue | Villager (Male) |
| 20:28 | Queue | Villager (Male) |
| 20:33 | Queue | Villager (Male) |
| 20:37 | Build | Farm |
| 20:37 | Build | Farm |
| 20:37 | Build | Farm |
| 20:38 | Build | Farm |
| 20:38 | Build | Farm |
| 20:47 | Queue | Villager (Male) |
| 20:52 | Queue | Villager (Male) |
| 20:53 | Queue | Villager (Male) |
| 21:10 | Build | Monastery |
| 21:15 | Queue | Villager (Male) |
| 21:19 | Build | Farm |
| 21:21 | Build | Farm |
| 21:21 | Build | Farm |
| 21:26 | Build | Farm |
| 21:27 | Queue | Villager (Male) ×2 |
| 21:37 | Queue | Villager (Male) ×3 |
| 21:43 | Build | Farm |
| 21:44 | Build | Farm |
| 21:47 | Build | Farm |
| 21:52 | Queue | Villager (Male) |
| 21:57 | Build | House |
| 21:58 | Queue | Monk |
| 22:04 | Queue | Villager (Male) |
| 22:08 | Queue | Villager (Male) |
| 22:08 | Queue | Villager (Male) |
| 22:12 | Queue | Villager (Male) |
| 22:29 | Queue | Villager (Male) |
| 22:31 | Build | Farm |
| 22:32 | Build | Farm |
| 22:32 | Build | Farm |
| 22:32 | Build | Farm |
| 22:38 | Queue | Villager (Male) |
| 22:41 | Build | Farm |
| 22:43 | Build | Farm |
| 22:45 | Research | Heavy Plow |
| 22:46 | Queue | Villager (Male) |
| 22:48 | Queue | Villager (Male) |
| 22:50 | Queue | Villager (Male) |
| 23:02 | Build | Farm |
| 23:04 | Queue | Villager (Male) |
| 23:18 | Queue | Villager (Male) |
| 23:19 | Queue | Villager (Male) |
| 23:25 | Research | Wheelbarrow |
| 23:31 | Build | University |
| 23:33 | Build | House |
| 23:34 | Build | House |
Build order — Benedict Cucumberpatch
First 150 of 492 actions detected
| 0:01 | Queue | Villager (Male) |
| 0:03 | Build | House |
| 0:04 | Build | House |
| 0:12 | Build | Mill |
| 0:26 | Queue | Villager (Male) |
| 0:26 | Queue | Villager (Male) |
| 0:26 | Queue | Villager (Male) |
| 1:41 | Queue | Villager (Male) |
| 2:03 | Queue | Villager (Male) |
| 3:03 | Queue | Villager (Male) |
| 3:03 | Queue | Villager (Male) |
| 3:12 | Build | Lumber Camp |
| 3:13 | Build | House |
| 3:33 | Queue | Villager (Male) |
| 4:02 | Queue | Villager (Male) |
| 4:18 | Queue | Villager (Male) |
| 4:40 | Queue | Villager (Male) |
| 4:47 | Queue | Villager (Male) |
| 4:54 | Build | House |
| 5:17 | Queue | Villager (Male) |
| 5:18 | Queue | Villager (Male) |
| 5:27 | Queue | Villager (Male) |
| 6:18 | Queue | Villager (Male) |
| 6:32 | Build | Mining Camp |
| 6:41 | Queue | Villager (Male) |
| 7:05 | Build | Palisade Wall |
| 7:10 | Build | Palisade Wall |
| 7:13 | Build | Palisade Wall |
| 7:14 | Build | Palisade Wall |
| 7:24 | Queue | Villager (Male) |
| 7:35 | Queue | Villager (Male) |
| 8:16 | Build | Palisade Wall |
| 8:21 | Build | Palisade Wall |
| 8:34 | Queue | Villager (Male) |
| 8:36 | Build | Lumber Camp |
| 8:39 | Build | Palisade Wall |
| 8:46 | Research | Feudal Age |
| 10:11 | Build | House |
| 10:13 | Build | House |
| 11:07 | Queue | Villager (Male) |
| 11:09 | Age | Feudal Age |
| 11:10 | Build | Market |
| 11:13 | Build | Blacksmith |
| 11:35 | Queue | Villager (Male) |
| 11:55 | Research | Double-Bit Axe |
| 11:57 | Research | Castle Age |
| 12:10 | Build | Mining Camp |
| 12:17 | Research | Horse Collar |
| 14:40 | Age | Castle Age |
| 14:43 | Queue | Villager (Male) |
| 14:45 | Build | Town Center |
| 14:53 | Build | Town Center |
| 14:56 | Queue | Villager (Male) |
| 15:05 | Research | Heavy Plow |
| 15:28 | Build | Town Center |
| 15:37 | Queue | Villager (Male) |
| 15:42 | Build | Farm |
| 15:45 | Build | Farm |
| 15:57 | Queue | Villager (Male) |
| 16:01 | Queue | Villager (Male) |
| 16:07 | Queue | Villager (Male) |
| 16:14 | Build | Farm |
| 16:17 | Build | Farm |
| 16:21 | Queue | Villager (Male) |
| 16:25 | Build | Farm |
| 16:28 | Queue | Villager (Male) |
| 16:35 | Build | Farm |
| 16:37 | Queue | Villager (Male) |
| 16:38 | Queue | Villager (Male) |
| 16:43 | Build | Farm |
| 16:52 | Queue | Villager (Male) |
| 16:57 | Build | House |
| 16:58 | Build | House |
| 16:59 | Build | House |
| 17:00 | Queue | Villager (Male) |
| 17:01 | Queue | Villager (Male) |
| 17:05 | Queue | Villager (Male) |
| 17:10 | Build | Farm |
| 17:22 | Build | Farm |
| 17:23 | Queue | Villager (Male) |
| 17:28 | Queue | Villager (Male) |
| 17:32 | Build | Farm |
| 17:42 | Queue | Villager (Male) |
| 17:48 | Build | Farm |
| 17:52 | Queue | Villager (Male) |
| 17:56 | Queue | Villager (Male) |
| 17:56 | Queue | Villager (Male) |
| 17:59 | Build | Farm |
| 18:02 | Build | Farm |
| 18:03 | Queue | Villager (Male) |
| 18:09 | Build | House |
| 18:13 | Build | House |
| 18:14 | Build | House |
| 18:15 | Queue | Villager (Male) |
| 18:21 | Build | Farm |
| 18:21 | Queue | Villager (Male) |
| 18:31 | Queue | Villager (Male) |
| 18:39 | Build | Farm |
| 18:42 | Build | Farm |
| 18:45 | Build | Farm |
| 18:46 | Queue | Villager (Male) |
| 18:50 | Queue | Villager (Male) |
| 18:52 | Build | Farm |
| 18:58 | Queue | Villager (Male) |
| 19:02 | Build | Farm |
| 19:03 | Queue | Villager (Male) |
| 19:15 | Build | House |
| 19:16 | Build | House |
| 19:17 | Build | House |
| 19:18 | Queue | Villager (Male) |
| 19:19 | Queue | Villager (Male) |
| 19:31 | Build | Farm |
| 19:34 | Build | Farm |
| 19:37 | Build | Farm |
| 19:37 | Queue | Villager (Male) |
| 19:38 | Queue | Villager (Male) |
| 19:44 | Queue | Villager (Male) |
| 19:52 | Build | Farm |
| 19:55 | Queue | Villager (Male) |
| 19:58 | Queue | Villager (Male) |
| 20:00 | Build | Farm |
| 20:03 | Build | Farm |
| 20:04 | Queue | Villager (Male) |
| 20:10 | Build | Farm |
| 20:14 | Queue | Villager (Male) |
| 20:16 | Queue | Villager (Male) |
| 20:19 | Queue | Villager (Male) |
| 20:19 | Queue | Villager (Male) |
| 20:25 | Queue | Villager (Male) |
| 20:32 | Queue | Villager (Male) |
| 20:35 | Build | House |
| 20:36 | Build | House |
| 20:38 | Build | House |
| 20:40 | Build | House |
| 20:41 | Build | House |
| 20:42 | Queue | Villager (Male) |
| 20:48 | Build | Farm |
| 20:49 | Build | Farm |
| 20:54 | Queue | Villager (Male) |
| 20:55 | Queue | Villager (Male) |
| 20:55 | Queue | Villager (Male) |
| 20:57 | Build | Farm |
| 20:59 | Queue | Villager (Male) |
| 21:01 | Build | Farm |
| 21:05 | Queue | Villager (Male) |
| 21:07 | Build | Farm |
| 21:10 | Build | Farm |
| 21:14 | Build | Farm |
| 21:14 | Queue | Villager (Male) |
| 21:17 | Build | Farm |
Build order — InGodWeTrust
First 150 of 353 actions detected
| 0:01 | Queue | Villager (Male) |
| 0:01 | Queue | Villager (Male) |
| 0:02 | Build | House |
| 0:03 | Build | House |
| 0:28 | Research | Loom |
| 0:35 | Queue | Villager (Male) |
| 0:35 | Queue | Villager (Male) |
| 0:35 | Queue | Villager (Male) |
| 0:35 | Queue | Villager (Male) |
| 1:04 | Build | Palisade Wall |
| 1:36 | Build | Palisade Wall |
| 1:37 | Build | Palisade Wall |
| 1:43 | Build | Palisade Wall |
| 1:58 | Build | Lumber Camp |
| 2:16 | Queue | Villager (Male) |
| 2:52 | Queue | Villager (Male) |
| 2:52 | Queue | Villager (Male) |
| 3:19 | Build | Outpost |
| 3:22 | Queue | Villager (Male) |
| 3:22 | Queue | Villager (Male) |
| 4:03 | Queue | Villager (Male) |
| 4:29 | Queue | Villager (Male) |
| 4:55 | Queue | Villager (Male) |
| 4:55 | Queue | Villager (Male) |
| 5:06 | Build | House |
| 5:10 | Queue | Villager (Male) |
| 5:29 | Queue | Villager (Male) |
| 5:39 | Queue | Villager (Male) |
| 6:00 | Build | Palisade Wall |
| 6:17 | Build | Mill |
| 6:28 | Queue | Villager (Male) |
| 6:28 | Queue | Villager (Male) |
| 6:56 | Queue | Villager (Male) |
| 6:57 | Queue | Villager (Male) |
| 7:16 | Queue | Villager (Male) |
| 7:17 | Queue | Villager (Male) |
| 7:26 | Build | House |
| 7:33 | Queue | Villager (Male) |
| 7:34 | Queue | Villager (Male) |
| 7:34 | Queue | Villager (Male) |
| 7:34 | Queue | Villager (Male) |
| 7:59 | Build | Lumber Camp |
| 8:03 | Build | Outpost |
| 8:05 | Queue | Villager (Male) |
| 8:06 | Queue | Villager (Male) |
| 8:17 | Build | Palisade Wall |
| 8:48 | Build | House |
| 9:09 | Queue | Villager (Male) |
| 9:39 | Build | Mining Camp |
| 10:03 | Research | Feudal Age |
| 10:03 | Research | Feudal Age |
| 11:17 | Queue | Villager (Male) |
| 11:56 | Queue | Villager (Male) |
| 12:32 | Age | Feudal Age |
| 12:34 | Build | Market |
| 12:41 | Build | Blacksmith |
| 12:50 | Build | Stone Wall |
| 13:11 | Build | Building 487 |
| 13:17 | Build | Stone Wall |
| 13:26 | Research | Castle Age |
| 13:27 | Research | Castle Age |
| 13:43 | Build | House |
| 14:02 | Research | Double-Bit Axe |
| 14:02 | Research | Double-Bit Axe |
| 14:12 | Build | House |
| 14:32 | Queue | Villager (Male) |
| 14:39 | Research | Gold Mining |
| 16:06 | Age | Castle Age |
| 16:14 | Build | Siege Workshop |
| 16:21 | Queue | Villager (Male) |
| 16:31 | Build | Monastery |
| 16:33 | Queue | Villager (Male) |
| 16:33 | Queue | Villager (Male) |
| 16:53 | Build | Monastery |
| 16:55 | Queue | Villager (Male) |
| 17:08 | Research | Redemption |
| 17:13 | Queue | Villager (Male) |
| 17:27 | Queue | Battering Ram |
| 18:00 | Queue | Mangonel |
| 18:03 | Queue | Villager (Male) |
| 18:08 | Build | House |
| 18:25 | Queue | Monk |
| 18:33 | Build | Farm |
| 18:34 | Build | Farm |
| 18:36 | Build | Farm |
| 18:38 | Queue | Villager (Male) |
| 19:02 | Build | Mining Camp |
| 19:32 | Build | Stone Wall |
| 19:38 | Research | Sanctity |
| 19:40 | Queue | Monk |
| 19:52 | Build | Building 487 |
| 20:00 | Queue | Monk |
| 20:02 | Build | House |
| 20:06 | Build | House |
| 20:18 | Build | House |
| 20:20 | Build | House |
| 20:25 | Queue | Villager (Male) |
| 20:26 | Queue | Villager (Male) |
| 20:26 | Queue | Villager (Male) |
| 20:52 | Build | Town Center |
| 21:12 | Queue | Monk |
| 21:15 | Research | Devotion |
| 21:41 | Build | Farm |
| 21:44 | Build | Farm |
| 21:45 | Build | Farm |
| 21:45 | Build | Farm |
| 21:46 | Build | Farm |
| 21:48 | Queue | Villager (Male) |
| 22:20 | Queue | Monk ×5 |
| 22:23 | Build | House |
| 22:40 | Queue | Villager (Male) |
| 22:40 | Queue | Villager (Male) |
| 23:06 | Queue | Villager (Male) |
| 23:06 | Queue | Villager (Male) |
| 23:11 | Build | Farm |
| 23:12 | Build | Farm |
| 23:12 | Build | Farm |
| 23:39 | Queue | Villager (Male) |
| 23:51 | Queue | Villager (Male) |
| 23:51 | Queue | Villager (Male) |
| 24:19 | Queue | Battering Ram |
| 24:22 | Queue | Villager (Male) |
| 25:07 | Queue | Villager (Male) |
| 25:08 | Queue | Villager (Male) |
| 25:08 | Queue | Villager (Male) |
| 25:17 | Build | House |
| 25:32 | Queue | Villager (Male) |
| 25:32 | Queue | Villager (Male) |
| 26:01 | Build | House |
| 26:23 | Queue | Villager (Male) |
| 26:24 | Queue | Villager (Male) |
| 26:24 | Queue | Villager (Male) |
| 26:26 | Build | Lumber Camp |
| 26:47 | Queue | Villager (Male) |
| 26:52 | Build | House |
| 27:16 | Queue | Villager (Male) |
| 27:17 | Queue | Villager (Male) |
| 27:17 | Queue | Villager (Male) |
| 27:19 | Build | Farm |
| 27:20 | Build | Farm |
| 27:41 | Queue | Villager (Male) |
| 27:41 | Queue | Villager (Male) |
| 27:42 | Queue | Villager (Male) |
| 28:14 | Build | House |
| 28:27 | Queue | Monk ×5 |
| 28:28 | Queue | Villager (Male) |
| 28:29 | Queue | Villager (Male) |
| 28:29 | Queue | Villager (Male) |
| 28:35 | Build | Town Center |
| 28:46 | Queue | Battering Ram |
Build order — Rooster
First 150 of 421 actions detected
| 0:02 | Queue | Villager (Male) ×4 |
| 0:02 | Queue | Villager (Male) ×4 |
| 0:03 | Build | House |
| 0:04 | Build | House |
| 0:23 | Research | Loom |
| 0:23 | Queue | Villager (Male) |
| 0:23 | Queue | Villager (Male) |
| 0:23 | Queue | Villager (Male) |
| 1:15 | Build | Palisade Wall |
| 2:11 | Build | Palisade Wall |
| 2:15 | Build | Palisade Wall |
| 2:41 | Queue | Villager (Male) |
| 2:41 | Queue | Villager (Male) |
| 2:42 | Queue | Villager (Male) |
| 2:59 | Build | Palisade Wall |
| 3:00 | Build | Palisade Wall |
| 3:00 | Build | Palisade Wall |
| 3:11 | Build | Lumber Camp |
| 3:16 | Queue | Villager (Male) |
| 3:37 | Queue | Villager (Male) |
| 3:37 | Queue | Villager (Male) |
| 4:03 | Build | House |
| 4:09 | Queue | Villager (Male) |
| 4:38 | Queue | Villager (Male) |
| 4:59 | Build | House |
| 5:10 | Queue | Villager (Male) |
| 5:10 | Queue | Villager (Male) |
| 5:33 | Queue | Villager (Male) |
| 5:33 | Queue | Villager (Male) |
| 5:56 | Queue | Villager (Male) |
| 6:21 | Queue | Villager (Male) |
| 6:32 | Queue | Villager (Male) |
| 7:00 | Queue | Villager (Male) |
| 7:21 | Build | Mill |
| 7:31 | Queue | Villager (Male) |
| 7:32 | Queue | Villager (Male) |
| 7:46 | Build | Mining Camp |
| 8:25 | Queue | Villager (Male) |
| 8:50 | Research | Feudal Age |
| 8:50 | Research | Feudal Age |
| 10:40 | Queue | Villager (Male) |
| 10:40 | Queue | Villager (Male) |
| 11:06 | Age | Feudal Age |
| 11:12 | Build | Blacksmith |
| 11:18 | Build | Market |
| 12:00 | Build | Building 665 |
| 12:02 | Build | Stone Wall |
| 12:15 | Research | Castle Age |
| 12:15 | Research | Castle Age |
| 13:02 | Build | Watch Tower |
| 13:29 | Build | Stone Wall |
| 13:30 | Build | Stone Wall |
| 13:31 | Build | Stone Wall |
| 14:55 | Age | Castle Age |
| 14:56 | Build | Stone Wall |
| 14:59 | Queue | Villager (Male) |
| 14:59 | Queue | Villager (Male) |
| 15:02 | Build | House |
| 15:45 | Research | Double-Bit Axe |
| 16:27 | Queue | Villager (Male) |
| 16:27 | Queue | Villager (Male) |
| 16:40 | Build | Castle |
| 16:59 | Queue | Villager (Male) |
| 17:36 | Queue | Gbeto |
| 17:36 | Queue | Gbeto |
| 17:36 | Queue | Gbeto |
| 17:51 | Queue | Villager (Male) |
| 17:55 | Build | Farm |
| 17:56 | Build | Farm |
| 18:04 | Queue | Gbeto |
| 18:08 | Build | Farm |
| 18:14 | Queue | Villager (Male) |
| 18:14 | Queue | Villager (Male) |
| 18:28 | Queue | Gbeto |
| 18:35 | Queue | Gbeto |
| 18:37 | Build | Farm |
| 18:39 | Build | Farm |
| 18:50 | Queue | Gbeto |
| 18:52 | Queue | Villager (Male) |
| 18:55 | Research | Scale Mail Armor |
| 18:59 | Queue | Gbeto |
| 19:02 | Build | Farm |
| 19:17 | Queue | Petard |
| 19:17 | Queue | Petard |
| 19:31 | Queue | Villager (Male) |
| 19:33 | Build | Farm |
| 19:35 | Build | Farm |
| 19:51 | Queue | Villager (Male) |
| 19:53 | Build | Farm |
| 19:54 | Build | Farm |
| 20:07 | Queue | Villager (Male) |
| 20:46 | Queue | Villager (Male) |
| 20:46 | Queue | Villager (Male) |
| 20:49 | Build | Farm |
| 20:49 | Build | Farm |
| 20:50 | Build | Farm |
| 20:52 | Build | Farm |
| 20:58 | Queue | Gbeto |
| 20:58 | Queue | Gbeto |
| 21:12 | Build | Farm |
| 21:13 | Build | Farm |
| 21:29 | Queue | Gbeto |
| 21:34 | Queue | Villager (Male) |
| 21:58 | Queue | Villager (Male) |
| 21:59 | Build | Farm |
| 22:00 | Queue | Gbeto |
| 22:03 | Build | Farm |
| 22:04 | Build | Farm |
| 22:05 | Build | Farm |
| 22:23 | Queue | Villager (Male) |
| 22:24 | Queue | Gbeto |
| 22:30 | Build | House |
| 22:31 | Build | House |
| 22:31 | Build | House |
| 22:54 | Research | Chain Mail Armor |
| 22:59 | Queue | Gbeto |
| 22:59 | Queue | Gbeto |
| 23:00 | Queue | Gbeto |
| 23:18 | Queue | Villager (Male) |
| 23:21 | Build | House |
| 23:21 | Build | House |
| 23:34 | Queue | Villager (Male) |
| 23:35 | Queue | Gbeto |
| 23:48 | Queue | Gbeto |
| 24:12 | Queue | Villager (Male) |
| 24:12 | Queue | Villager (Male) |
| 24:20 | Queue | Gbeto |
| 24:20 | Queue | Gbeto |
| 24:38 | Queue | Gbeto |
| 24:40 | Queue | Villager (Male) |
| 24:51 | Build | Town Center |
| 24:57 | Queue | Gbeto |
| 25:16 | Build | Barracks |
| 25:22 | Queue | Gbeto |
| 25:25 | Build | Outpost |
| 25:43 | Build | Stone Wall |
| 25:50 | Queue | Villager (Male) |
| 25:51 | Queue | Gbeto |
| 25:51 | Queue | Gbeto |
| 26:18 | Queue | Villager (Male) |
| 26:18 | Queue | Villager (Male) |
| 26:30 | Build | Town Center |
| 26:54 | Queue | Gbeto |
| 26:54 | Queue | Gbeto |
| 26:54 | Queue | Gbeto |
| 27:19 | Queue | Gbeto |
| 27:19 | Queue | Gbeto |
| 27:20 | Queue | Gbeto |
| 27:20 | Queue | Gbeto |
| 27:44 | Build | House |
Build order — Fts_
First 150 of 448 actions detected
| 0:02 | Queue | Villager (Male) ×4 |
| 0:02 | Queue | Villager (Male) ×4 |
| 1:00 | Queue | Villager (Male) |
| 1:00 | Queue | Villager (Male) |
| 1:48 | Build | Lumber Camp |
| 1:49 | Queue | Villager (Male) |
| 1:49 | Queue | Villager (Male) |
| 2:11 | Queue | Villager (Male) |
| 2:11 | Queue | Villager (Male) |
| 2:38 | Queue | Villager (Male) |
| 2:38 | Queue | Villager (Male) |
| 2:59 | Queue | Villager (Male) |
| 2:59 | Queue | Villager (Male) |
| 2:59 | Queue | Villager (Male) |
| 3:44 | Queue | Villager (Male) |
| 3:49 | Queue | Villager (Male) |
| 4:25 | Queue | Villager (Male) |
| 4:25 | Queue | Villager (Male) |
| 4:26 | Queue | Villager (Male) |
| 4:42 | Build | Mill |
| 5:07 | Queue | Villager (Male) |
| 5:32 | Queue | Villager (Male) |
| 5:38 | Research | Loom |
| 5:38 | Research | Loom |
| 5:47 | Queue | Villager (Male) |
| 6:01 | Queue | Villager (Male) |
| 6:41 | Queue | Villager (Male) |
| 7:11 | Queue | Villager (Male) |
| 7:37 | Queue | Villager (Male) |
| 8:01 | Queue | Villager (Male) |
| 8:38 | Build | Mining Camp |
| 8:41 | Research | Feudal Age |
| 8:41 | Research | Feudal Age |
| 10:28 | Queue | Villager (Male) |
| 10:28 | Queue | Villager (Male) |
| 10:57 | Age | Feudal Age |
| 11:00 | Build | Market |
| 11:01 | Build | Blacksmith |
| 11:28 | Build | Lumber Camp |
| 11:58 | Research | Castle Age |
| 11:59 | Research | Castle Age |
| 12:11 | Research | Double-Bit Axe |
| 12:12 | Research | Double-Bit Axe |
| 12:57 | Research | Horse Collar |
| 12:57 | Research | Horse Collar |
| 14:27 | Queue | Villager (Male) |
| 14:28 | Queue | Villager (Male) |
| 14:38 | Age | Castle Age |
| 14:40 | Build | Town Center |
| 14:45 | Build | Town Center |
| 15:06 | Research | Bow Saw |
| 15:06 | Research | Bow Saw |
| 15:07 | Queue | Villager (Male) |
| 15:30 | Queue | Villager (Male) |
| 15:35 | Build | Farm |
| 15:37 | Build | Farm |
| 15:43 | Build | Farm |
| 15:53 | Queue | Villager (Male) |
| 15:53 | Queue | Villager (Male) |
| 15:59 | Queue | Villager (Male) |
| 16:11 | Queue | Villager (Male) |
| 16:11 | Queue | Villager (Male) |
| 16:18 | Build | Farm |
| 16:19 | Build | Farm |
| 16:21 | Build | Farm |
| 16:25 | Build | Farm |
| 16:27 | Queue | Villager (Male) |
| 16:28 | Queue | Villager (Male) |
| 16:28 | Queue | Villager (Male) |
| 16:28 | Queue | Villager (Male) |
| 16:29 | Queue | Villager (Male) |
| 16:42 | Build | Farm |
| 16:45 | Build | Farm |
| 16:52 | Build | Farm |
| 16:56 | Queue | Villager (Male) |
| 16:56 | Queue | Villager (Male) |
| 16:59 | Build | Farm |
| 17:04 | Build | Farm |
| 17:13 | Queue | Villager (Male) |
| 17:39 | Build | Town Center |
| 17:42 | Queue | Villager (Male) |
| 17:47 | Build | Farm |
| 17:51 | Queue | Villager (Male) |
| 17:53 | Queue | Villager (Male) |
| 17:55 | Queue | Villager (Male) |
| 17:56 | Queue | Villager (Male) |
| 17:56 | Queue | Villager (Male) |
| 18:00 | Build | Farm |
| 18:06 | Queue | Villager (Male) |
| 18:08 | Build | Farm |
| 18:18 | Build | Farm |
| 18:20 | Queue | Villager (Male) |
| 18:26 | Build | Farm |
| 18:31 | Queue | Villager (Male) |
| 18:32 | Queue | Villager (Male) |
| 18:35 | Queue | Villager (Male) |
| 18:39 | Build | Farm |
| 18:41 | Build | Farm |
| 18:49 | Queue | Villager (Male) |
| 18:54 | Build | Farm |
| 19:00 | Queue | Villager (Male) |
| 19:00 | Queue | Villager (Male) |
| 19:02 | Build | Farm |
| 19:11 | Build | Farm |
| 19:12 | Queue | Villager (Male) |
| 19:15 | Build | Farm |
| 19:20 | Queue | Villager (Male) |
| 19:20 | Queue | Villager (Male) |
| 19:26 | Queue | Villager (Male) |
| 19:26 | Queue | Villager (Male) |
| 19:27 | Build | Farm |
| 19:29 | Queue | Villager (Male) |
| 19:29 | Queue | Villager (Male) |
| 19:29 | Queue | Villager (Male) |
| 19:47 | Build | Farm |
| 19:49 | Build | Farm |
| 19:51 | Build | Farm |
| 19:51 | Queue | Villager (Male) |
| 19:52 | Queue | Villager (Male) |
| 19:52 | Queue | Villager (Male) |
| 19:57 | Build | Farm |
| 19:58 | Build | Farm |
| 19:59 | Queue | Villager (Male) |
| 20:00 | Build | Farm |
| 20:02 | Build | Farm |
| 20:03 | Queue | Villager (Male) |
| 20:11 | Research | Wheelbarrow |
| 20:11 | Research | Wheelbarrow |
| 20:16 | Build | Farm |
| 20:20 | Queue | Villager (Male) |
| 20:20 | Queue | Villager (Male) |
| 20:20 | Queue | Villager (Male) |
| 20:22 | Queue | Villager (Male) |
| 20:22 | Queue | Villager (Male) |
| 20:22 | Queue | Villager (Male) |
| 20:24 | Build | Farm |
| 20:32 | Build | Mining Camp |
| 20:33 | Queue | Villager (Male) |
| 20:36 | Queue | Villager (Male) |
| 20:50 | Queue | Villager (Male) |
| 20:50 | Queue | Villager (Male) |
| 20:51 | Queue | Villager (Male) |
| 20:51 | Queue | Villager (Male) |
| 20:55 | Build | Farm |
| 20:55 | Build | Farm |
| 20:58 | Build | Farm |
| 20:59 | Queue | Villager (Male) |
| 20:59 | Queue | Villager (Male) |
| 21:01 | Build | Farm |
| 21:02 | Queue | Villager (Male) |
Build order — Mirror
First 150 of 453 actions detected
| 0:03 | Queue | Villager (Male) |
| 0:03 | Queue | Villager (Male) |
| 0:03 | Queue | Villager (Male) |
| 0:05 | Build | House |
| 0:06 | Build | House |
| 0:20 | Research | Loom |
| 0:30 | Queue | Villager (Male) |
| 0:30 | Queue | Villager (Male) |
| 0:33 | Queue | Villager (Male) |
| 0:33 | Queue | Villager (Male) |
| 0:33 | Queue | Villager (Male) |
| 0:46 | Build | Palisade Wall |
| 1:24 | Build | Lumber Camp |
| 2:05 | Queue | Villager (Male) |
| 2:06 | Queue | Villager (Male) |
| 2:29 | Queue | Villager (Male) |
| 2:29 | Queue | Villager (Male) |
| 3:14 | Queue | Villager (Male) |
| 3:32 | Queue | Villager (Male) |
| 3:32 | Queue | Villager (Male) |
| 3:32 | Queue | Villager (Male) |
| 3:52 | Queue | Villager (Male) |
| 3:53 | Queue | Villager (Male) |
| 3:53 | Queue | Villager (Male) |
| 4:26 | Queue | Villager (Male) |
| 4:27 | Queue | Villager (Male) |
| 4:27 | Queue | Villager (Male) |
| 4:31 | Build | House |
| 4:32 | Build | House |
| 4:41 | Build | Palisade Wall |
| 4:46 | Queue | Villager (Male) |
| 4:46 | Queue | Villager (Male) |
| 4:47 | Queue | Villager (Male) |
| 5:22 | Queue | Villager (Male) |
| 5:22 | Queue | Villager (Male) |
| 5:23 | Queue | Villager (Male) |
| 5:23 | Queue | Villager (Male) |
| 5:40 | Queue | Villager (Male) |
| 6:23 | Queue | Villager (Male) |
| 6:50 | Queue | Villager (Male) |
| 7:13 | Queue | Villager (Male) |
| 7:23 | Research | Double-Bit Axe |
| 7:24 | Queue | Villager (Male) |
| 7:29 | Build | House |
| 7:30 | Build | House |
| 7:47 | Build | Mill |
| 8:05 | Queue | Villager (Male) |
| 8:19 | Queue | Villager (Male) |
| 8:49 | Queue | Villager (Male) |
| 9:13 | Queue | Villager (Male) |
| 9:46 | Queue | Villager (Male) |
| 10:12 | Build | House |
| 10:30 | Queue | Villager (Male) |
| 10:31 | Queue | Villager (Male) |
| 10:31 | Queue | Villager (Male) |
| 10:37 | Build | Mining Camp |
| 10:59 | Research | Feudal Age |
| 11:11 | Research | Gold Mining |
| 13:33 | Research | Horse Collar |
| 13:56 | Age | Feudal Age |
| 13:58 | Queue | Villager (Male) |
| 14:04 | Build | Market |
| 14:08 | Build | Blacksmith |
| 14:11 | Queue | Villager (Male) |
| 14:20 | Build | Stone Wall |
| 14:24 | Build | Building 487 |
| 14:33 | Queue | Villager (Male) |
| 14:35 | Research | Heavy Plow |
| 14:40 | Research | Bow Saw |
| 14:51 | Research | Castle Age |
| 15:59 | Build | Farm |
| 16:01 | Build | Farm |
| 16:02 | Build | Farm |
| 16:03 | Build | Farm |
| 16:05 | Build | Farm |
| 16:06 | Build | Farm |
| 16:07 | Build | Farm |
| 17:33 | Age | Castle Age |
| 17:38 | Queue | Villager (Male) |
| 17:41 | Build | Monastery |
| 17:43 | Queue | Villager (Male) |
| 17:47 | Build | University |
| 17:52 | Queue | Villager (Male) |
| 17:57 | Queue | Villager (Male) |
| 18:17 | Build | House |
| 18:18 | Build | House |
| 18:40 | Queue | Monk |
| 19:08 | Build | Town Center |
| 19:13 | Research | Imperial Age |
| 19:41 | Queue | Villager (Male) |
| 20:16 | Build | Siege Workshop |
| 20:24 | Build | Barracks |
| 20:32 | Queue | Villager (Male) |
| 20:32 | Queue | Villager (Male) |
| 20:33 | Queue | Villager (Male) |
| 20:33 | Queue | Villager (Male) |
| 20:33 | Queue | Villager (Male) |
| 20:43 | Queue | Villager (Male) |
| 20:57 | Build | Stone Wall |
| 21:39 | Queue | Villager (Male) |
| 21:59 | Build | Archery Range |
| 21:59 | Build | Archery Range |
| 22:00 | Build | Archery Range |
| 22:12 | Build | Mining Camp |
| 22:23 | Age | Imperial Age |
| 22:27 | Research | Chemistry |
| 22:52 | Build | Farm |
| 22:54 | Build | Farm |
| 22:58 | Queue | Villager (Male) |
| 23:04 | Queue | Villager (Male) |
| 23:13 | Build | Siege Workshop |
| 23:26 | Queue | Villager (Male) |
| 23:30 | Build | Farm |
| 23:31 | Build | Farm |
| 23:32 | Build | Farm |
| 23:37 | Queue | Villager (Male) |
| 23:46 | Build | Farm |
| 23:47 | Build | Farm |
| 24:10 | Queue | Bombard Cannon |
| 24:11 | Queue | Bombard Cannon |
| 24:14 | Queue | Hand Cannoneer ×5 |
| 24:14 | Queue | Hand Cannoneer ×5 |
| 24:15 | Queue | Hand Cannoneer ×5 |
| 24:21 | Build | House |
| 24:22 | Build | House |
| 24:35 | Build | House |
| 24:36 | Build | House |
| 24:37 | Build | House |
| 24:38 | Build | House |
| 24:57 | Queue | Hand Cannoneer |
| 25:13 | Queue | Bombard Cannon |
| 25:18 | Queue | Hand Cannoneer ×4 |
| 25:18 | Queue | Hand Cannoneer ×4 |
| 25:19 | Queue | Hand Cannoneer ×4 |
| 25:30 | Queue | Hand Cannoneer |
| 25:30 | Queue | Hand Cannoneer |
| 25:30 | Queue | Hand Cannoneer |
| 25:31 | Queue | Hand Cannoneer |
| 25:33 | Queue | Villager (Male) |
| 25:36 | Build | House |
| 25:37 | Build | House |
| 25:42 | Queue | Villager (Male) |
| 25:43 | Queue | Villager (Male) |
| 25:43 | Queue | Villager (Male) |
| 26:30 | Queue | Hand Cannoneer ×5 |
| 26:30 | Queue | Hand Cannoneer ×5 |
| 26:30 | Queue | Hand Cannoneer ×5 |
| 26:31 | Queue | Hand Cannoneer ×5 |
| 26:52 | Queue | Hand Cannoneer ×2 |
| 26:52 | Queue | Hand Cannoneer ×2 |
Build order — Violet Ania
First 150 of 228 actions detected
| 0:01 | Queue | Villager (Male) |
| 0:01 | Queue | Villager (Male) |
| 0:02 | Build | House |
| 0:04 | Build | House |
| 0:04 | Queue | Villager (Male) |
| 0:04 | Queue | Villager (Male) |
| 0:22 | Research | Loom |
| 0:23 | Queue | Villager (Male) |
| 0:23 | Queue | Villager (Male) |
| 0:33 | Queue | Villager (Male) |
| 0:33 | Queue | Villager (Male) |
| 1:19 | Build | Palisade Wall |
| 1:47 | Queue | Villager (Male) |
| 1:48 | Queue | Villager (Male) |
| 2:44 | Queue | Villager (Male) |
| 2:44 | Queue | Villager (Male) |
| 3:08 | Build | Palisade Wall |
| 3:09 | Queue | Villager (Male) |
| 3:09 | Queue | Villager (Male) |
| 3:21 | Build | Palisade Wall |
| 3:22 | Build | Palisade Wall |
| 3:23 | Build | Palisade Wall |
| 3:23 | Build | Palisade Wall |
| 3:37 | Build | Palisade Wall |
| 3:42 | Queue | Villager (Male) |
| 3:43 | Queue | Villager (Male) |
| 3:52 | Queue | Villager (Male) |
| 3:52 | Queue | Villager (Male) |
| 4:16 | Queue | Villager (Male) |
| 4:16 | Queue | Villager (Male) |
| 4:50 | Build | Lumber Camp |
| 4:56 | Queue | Villager (Male) |
| 4:56 | Queue | Villager (Male) |
| 5:06 | Queue | Villager (Male) |
| 5:06 | Queue | Villager (Male) |
| 5:58 | Queue | Villager (Male) |
| 5:59 | Queue | Villager (Male) |
| 6:03 | Build | House |
| 6:14 | Queue | Villager (Male) |
| 6:14 | Queue | Villager (Male) |
| 6:33 | Queue | Villager (Male) |
| 6:33 | Queue | Villager (Male) |
| 7:01 | Queue | Villager (Male) |
| 7:01 | Queue | Villager (Male) |
| 7:12 | Build | Mill |
| 7:31 | Queue | Villager (Male) |
| 7:31 | Queue | Villager (Male) |
| 7:32 | Queue | Villager (Male) |
| 7:32 | Queue | Villager (Male) |
| 7:32 | Queue | Villager (Male) |
| 8:31 | Build | House |
| 9:10 | Research | Feudal Age |
| 10:13 | Build | Mining Camp |
| 10:19 | Build | Mining Camp |
| 11:20 | Age | Feudal Age |
| 11:24 | Build | Watch Tower |
| 11:30 | Queue | Villager (Male) |
| 11:30 | Queue | Villager (Male) |
| 12:12 | Queue | Villager (Male) |
| 12:12 | Queue | Villager (Male) |
| 13:09 | Queue | Villager (Male) |
| 13:09 | Queue | Villager (Male) |
| 13:11 | Build | Farm |
| 13:12 | Build | Farm |
| 13:12 | Build | Farm |
| 13:12 | Build | Farm |
| 13:12 | Build | Farm |
| 13:15 | Queue | Villager (Male) |
| 13:15 | Queue | Villager (Male) |
| 13:22 | Build | Watch Tower |
| 13:32 | Build | Palisade Wall |
| 13:41 | Build | Palisade Wall |
| 13:47 | Build | Palisade Wall |
| 14:32 | Build | Blacksmith |
| 14:53 | Queue | Villager (Male) |
| 14:53 | Queue | Villager (Male) |
| 15:05 | Build | House |
| 16:06 | Build | Stone Wall |
| 16:16 | Build | Farm |
| 16:16 | Build | Farm |
| 16:16 | Build | Farm |
| 16:16 | Build | Farm |
| 16:17 | Queue | Villager (Male) |
| 16:17 | Queue | Villager (Male) |
| 16:37 | Build | Outpost |
| 16:38 | Queue | Villager (Male) |
| 16:38 | Queue | Villager (Male) |
| 16:44 | Build | Stone Wall |
| 17:25 | Build | Stone Wall |
| 17:48 | Build | Stone Wall |
| 17:56 | Build | Farm |
| 17:56 | Build | Farm |
| 17:57 | Build | Farm |
| 17:57 | Build | Farm |
| 17:57 | Build | Farm |
| 18:02 | Queue | Villager (Male) |
| 18:02 | Queue | Villager (Male) |
| 18:27 | Build | Stone Wall |
| 18:42 | Build | Stone Wall |
| 18:45 | Queue | Villager (Male) |
| 18:45 | Queue | Villager (Male) |
| 18:51 | Build | Farm |
| 18:52 | Build | Farm |
| 18:59 | Build | House |
| 19:22 | Build | Market |
| 19:39 | Queue | Villager (Male) |
| 19:40 | Queue | Villager (Male) |
| 19:55 | Build | Stone Wall |
| 20:18 | Research | Castle Age |
| 20:31 | Build | House |
| 20:33 | Build | House |
| 20:47 | Build | Stone Wall |
| 20:51 | Build | Building 673 |
| 21:04 | Build | Stone Wall |
| 21:08 | Build | Building 490 |
| 22:33 | Queue | Villager (Male) |
| 22:34 | Queue | Villager (Male) |
| 23:12 | Age | Castle Age |
| 23:21 | Build | Stone Wall |
| 24:24 | Build | House |
| 24:27 | Build | House |
| 24:49 | Queue | Villager (Male) |
| 24:49 | Queue | Villager (Male) |
| 25:23 | Build | Stone Wall |
| 25:52 | Build | House |
| 25:56 | Build | House |
| 26:00 | Queue | Villager (Male) |
| 26:00 | Queue | Villager (Male) |
| 26:03 | Build | House |
| 26:05 | Queue | Villager (Male) |
| 26:05 | Queue | Villager (Male) |
| 26:08 | Build | House |
| 26:09 | Queue | Villager (Male) |
| 26:11 | Build | Palisade Wall |
| 26:29 | Queue | Villager (Male) |
| 26:29 | Queue | Villager (Male) |
| 26:32 | Queue | Villager (Male) |
| 26:32 | Queue | Villager (Male) |
| 26:32 | Queue | Villager (Male) |
| 27:26 | Queue | Villager (Male) |
| 27:26 | Queue | Villager (Male) |
| 28:06 | Build | House |
| 28:40 | Queue | Villager (Male) |
| 28:40 | Queue | Villager (Male) |
| 28:47 | Build | Siege Workshop |
| 29:06 | Queue | Villager (Male) |
| 29:06 | Queue | Villager (Male) |
| 29:36 | Queue | Villager (Male) |
| 29:36 | Queue | Villager (Male) |
| 29:53 | Queue | Villager (Male) |
Build order — OS+ | Tiggerr
First 150 of 378 actions detected
| 0:01 | Queue | Villager (Male) |
| 0:01 | Queue | Villager (Male) |
| 0:02 | Build | House |
| 0:03 | Build | House |
| 0:05 | Queue | Villager (Male) |
| 0:08 | Queue | Villager (Male) |
| 1:09 | Research | Loom |
| 1:09 | Queue | Villager (Male) |
| 1:16 | Build | Palisade Wall |
| 1:27 | Queue | Villager (Male) |
| 1:31 | Build | Palisade Wall |
| 1:47 | Build | Palisade Wall |
| 1:59 | Queue | Villager (Male) |
| 2:30 | Queue | Villager (Male) |
| 3:01 | Build | House |
| 3:04 | Build | Palisade Wall |
| 3:06 | Build | Palisade Wall |
| 3:19 | Queue | Villager (Male) |
| 3:46 | Build | Palisade Wall |
| 3:51 | Queue | Villager (Male) |
| 4:11 | Build | Palisade Wall |
| 4:11 | Queue | Villager (Male) |
| 4:44 | Queue | Villager (Male) |
| 5:08 | Queue | Villager (Male) |
| 5:14 | Queue | Villager (Male) |
| 5:19 | Build | Lumber Camp |
| 5:33 | Build | House |
| 5:58 | Queue | Villager (Male) |
| 6:14 | Build | House |
| 6:20 | Queue | Villager (Male) |
| 6:44 | Queue | Villager (Male) |
| 7:06 | Build | Palisade Wall |
| 7:12 | Queue | Villager (Male) |
| 7:20 | Build | House |
| 7:24 | Queue | Villager (Male) |
| 7:34 | Queue | Villager (Male) |
| 7:38 | Build | Mill |
| 7:54 | Build | Palisade Wall |
| 7:58 | Build | Palisade Wall |
| 8:01 | Queue | Villager (Male) |
| 8:08 | Build | Palisade Wall |
| 8:12 | Build | Palisade Wall |
| 8:21 | Build | Mining Camp |
| 8:26 | Build | Palisade Wall |
| 8:59 | Queue | Villager (Male) |
| 9:26 | Research | Feudal Age |
| 9:45 | Build | Mining Camp |
| 11:12 | Queue | Villager (Male) |
| 11:35 | Queue | Villager (Male) |
| 11:36 | Age | Feudal Age |
| 11:39 | Build | Blacksmith |
| 11:41 | Build | Market |
| 11:57 | Build | Stone Wall |
| 11:59 | Build | Stone Wall |
| 12:00 | Build | Stone Wall |
| 12:18 | Build | Outpost |
| 12:34 | Research | Castle Age |
| 13:14 | Research | Double-Bit Axe |
| 13:24 | Build | Farm |
| 13:25 | Build | Farm |
| 13:56 | Research | Horse Collar |
| 14:35 | Build | Outpost |
| 14:37 | Build | Stone Wall |
| 14:41 | Build | Farm |
| 14:43 | Build | Farm |
| 15:14 | Age | Castle Age |
| 15:20 | Queue | Villager (Male) |
| 15:27 | Build | Castle |
| 15:30 | Research | Bow Saw |
| 15:48 | Queue | Villager (Male) |
| 15:49 | Build | Farm |
| 16:11 | Queue | Villager (Male) |
| 16:20 | Build | Farm |
| 16:21 | Build | Farm |
| 16:32 | Research | Town Watch |
| 16:38 | Queue | Villager (Male) |
| 17:03 | Queue | Magyar Huszar |
| 17:05 | Queue | Petard |
| 17:26 | Queue | Villager (Male) |
| 17:36 | Build | Farm |
| 17:50 | Queue | Petard |
| 17:52 | Queue | Villager (Male) |
| 18:11 | Build | Stone Wall |
| 18:20 | Build | Town Center |
| 18:21 | Queue | Villager (Male) |
| 18:35 | Queue | Petard |
| 18:42 | Build | Farm |
| 18:46 | Queue | Villager (Male) |
| 18:59 | Queue | Magyar Huszar |
| 19:01 | Build | Farm |
| 19:03 | Queue | Villager (Male) |
| 19:10 | Build | Stone Wall |
| 19:19 | Queue | Magyar Huszar |
| 19:24 | Build | Farm |
| 19:37 | Build | Stone Wall |
| 19:40 | Queue | Villager (Male) |
| 19:42 | Queue | Magyar Huszar |
| 19:53 | Queue | Magyar Huszar |
| 20:25 | Queue | Magyar Huszar |
| 20:33 | Build | Stone Wall |
| 20:36 | Queue | Villager (Male) |
| 20:47 | Build | Stone Wall |
| 20:49 | Build | House |
| 20:52 | Queue | Magyar Huszar |
| 20:55 | Queue | Villager (Male) |
| 20:56 | Queue | Villager (Male) |
| 20:58 | Build | Farm |
| 21:04 | Build | Farm |
| 21:05 | Build | Farm |
| 21:14 | Queue | Petard |
| 21:15 | Queue | Villager (Male) |
| 21:27 | Build | Town Center |
| 21:30 | Build | Stone Wall |
| 21:43 | Queue | Villager (Male) |
| 21:45 | Build | Monastery |
| 21:48 | Queue | Magyar Huszar |
| 22:16 | Queue | Villager (Male) |
| 22:17 | Build | Farm |
| 22:21 | Queue | Villager (Male) |
| 22:36 | Queue | Magyar Huszar |
| 22:37 | Queue | Villager (Male) |
| 22:39 | Build | Farm |
| 22:41 | Build | Farm |
| 22:47 | Queue | Villager (Male) |
| 22:53 | Queue | Magyar Huszar |
| 22:54 | Queue | Villager (Male) |
| 22:56 | Build | Farm |
| 22:58 | Queue | Villager (Male) |
| 23:12 | Build | Farm |
| 23:15 | Queue | Villager (Male) |
| 23:18 | Queue | Villager (Male) |
| 23:23 | Build | Farm |
| 23:26 | Queue | Villager (Male) |
| 23:48 | Queue | Villager (Male) |
| 23:49 | Queue | Villager (Male) |
| 23:51 | Build | Farm |
| 24:13 | Build | Farm |
| 24:17 | Queue | Villager (Male) |
| 24:17 | Queue | Villager (Male) |
| 24:28 | Queue | Magyar Huszar |
| 24:28 | Queue | Villager (Male) |
| 24:31 | Build | House |
| 24:38 | Build | Farm |
| 24:41 | Build | House |
| 24:51 | Build | Farm |
| 24:55 | Queue | Magyar Huszar |
| 24:58 | Build | House |
| 25:13 | Build | Mining Camp |
| 25:19 | Queue | Villager (Male) |
| 25:20 | Queue | Villager (Male) |
Match timeline
| 0:46 | Mirror · wall_segment Palisade Wall x7 |
| 1:04 | InGodWeTrust · wall_segment Palisade Wall x9 |
| 1:15 | Rooster · wall_segment Palisade Wall x8 |
| 1:16 | OS+ | Tiggerr · wall_segment Palisade Wall x1 |
| 1:19 | Violet Ania · wall_segment Palisade Wall x9 |
| 1:31 | OS+ | Tiggerr · wall_segment Palisade Wall x1 |
| 1:36 | InGodWeTrust · wall_segment Palisade Wall x1 |
| 1:37 | InGodWeTrust · wall_segment Palisade Wall x1 |
| 1:43 | InGodWeTrust · wall_segment Palisade Wall x1 |
| 1:47 | OS+ | Tiggerr · wall_segment Palisade Wall x8 |
| 2:11 | Rooster · wall_segment Palisade Wall x1 |
| 2:15 | Rooster · wall_segment Palisade Wall x1 |
| 2:59 | Rooster · wall_segment Palisade Wall x4 |
| 3:00 | Rooster · wall_segment Palisade Wall x6 |
| 3:00 | Rooster · wall_segment Palisade Wall x1 |
| 3:04 | OS+ | Tiggerr · wall_segment Palisade Wall x5 |
| 3:06 | OS+ | Tiggerr · wall_segment Palisade Wall x4 |
| 3:08 | Violet Ania · wall_segment Palisade Wall x2 |
| 3:21 | Violet Ania · wall_segment Palisade Wall x1 |
| 3:22 | Violet Ania · wall_segment Palisade Wall x1 |
| 3:23 | Violet Ania · wall_segment Palisade Wall x1 |
| 3:23 | Violet Ania · wall_segment Palisade Wall x1 |
| 3:37 | Violet Ania · wall_segment Palisade Wall x1 |
| 3:46 | OS+ | Tiggerr · wall_segment Palisade Wall x4 |
| 4:11 | OS+ | Tiggerr · wall_segment Palisade Wall x4 |
| 4:41 | Mirror · wall_segment Palisade Wall x7 |
| 4:41 | BalvinatoR · wall_segment Palisade Wall x5 |
| 4:43 | BalvinatoR · wall_segment Palisade Wall x4 |
| 6:00 | InGodWeTrust · wall_segment Palisade Wall x7 |
| 6:59 | BalvinatoR · wall_segment Palisade Wall x1 |
| 7:05 | Benedict Cucumberpatch · wall_segment Palisade Wall x1 |
| 7:06 | OS+ | Tiggerr · wall_segment Palisade Wall x1 |
| 7:10 | Benedict Cucumberpatch · wall_segment Palisade Wall x1 |
| 7:13 | Benedict Cucumberpatch · wall_segment Palisade Wall x1 |
| 7:14 | Benedict Cucumberpatch · wall_segment Palisade Wall x1 |
| 7:54 | OS+ | Tiggerr · wall_segment Palisade Wall x1 |
| 7:58 | OS+ | Tiggerr · wall_segment Palisade Wall x1 |
| 8:08 | OS+ | Tiggerr · wall_segment Palisade Wall x1 |
| 8:12 | OS+ | Tiggerr · wall_segment Palisade Wall x1 |
| 8:16 | Benedict Cucumberpatch · wall_segment Palisade Wall x1 |
| 8:17 | InGodWeTrust · wall_segment Palisade Wall x1 |
| 8:21 | Benedict Cucumberpatch · wall_segment Palisade Wall x1 |
| 8:26 | OS+ | Tiggerr · wall_segment Palisade Wall x1 |
| 8:39 | Benedict Cucumberpatch · wall_segment Palisade Wall x1 |
| 10:34 | BalvinatoR · age_up feudal |
| 10:37 | BalvinatoR · wall_segment Stone Wall x7 |
| 10:43 | BalvinatoR · wall_segment Stone Wall x6 |
| 10:44 | BalvinatoR · wall_segment Stone Wall x1 |
| 10:57 | Fts_ · age_up feudal |
| 11:06 | Rooster · age_up feudal |
| 11:09 | Benedict Cucumberpatch · age_up feudal |
| 11:20 | Violet Ania · age_up feudal |
| 11:36 | OS+ | Tiggerr · age_up feudal |
| 11:57 | OS+ | Tiggerr · wall_segment Stone Wall x1 |
| 11:58 | Fts_ · first_market_sell 100 wood |
| 11:59 | OS+ | Tiggerr · wall_segment Stone Wall x1 |
| 12:00 | OS+ | Tiggerr · wall_segment Stone Wall x9 |
| 12:02 | Rooster · wall_segment Stone Wall x2 |
| 12:32 | InGodWeTrust · age_up feudal |
| 12:50 | InGodWeTrust · wall_segment Stone Wall x1 |
| 13:17 | InGodWeTrust · wall_segment Stone Wall x3 |
| 13:29 | Rooster · wall_segment Stone Wall x3 |
| 13:30 | Rooster · wall_segment Stone Wall x5 |
| 13:31 | Rooster · wall_segment Stone Wall x1 |
| 13:32 | Violet Ania · wall_segment Palisade Wall x1 |
| 13:41 | Violet Ania · wall_segment Palisade Wall x1 |
| 13:47 | Violet Ania · wall_segment Palisade Wall x1 |
| 13:56 | Mirror · age_up feudal |
| 14:20 | Mirror · wall_segment Stone Wall x8 |
| 14:36 | BalvinatoR · age_up castle |
| 14:37 | OS+ | Tiggerr · wall_segment Stone Wall x1 |
| 14:38 | Fts_ · age_up castle |
| 14:40 | Benedict Cucumberpatch · age_up castle |
| 14:55 | Rooster · age_up castle |
| 14:56 | Rooster · wall_segment Stone Wall x5 |
| 15:14 | OS+ | Tiggerr · age_up castle |
| 15:27 | OS+ | Tiggerr · first_building Castle |
| 15:30 | BalvinatoR · first_market_buy 100 food |
| 16:06 | Violet Ania · wall_segment Stone Wall x8 |
| 16:06 | InGodWeTrust · age_up castle |
| 16:14 | InGodWeTrust · first_building Siege Workshop |
| 16:14 | Fts_ · first_market_buy 100 stone |
| 16:31 | InGodWeTrust · first_building Monastery |
| 16:40 | Rooster · first_building Castle |
| 16:44 | Violet Ania · wall_segment Stone Wall x8 |
| 17:02 | OS+ | Tiggerr · first_market_buy 100 food |
| 17:04 | InGodWeTrust · first_market_buy 100 wood |
| 17:25 | Violet Ania · wall_segment Stone Wall x8 |
| 17:33 | Mirror · age_up castle |
| 17:41 | Mirror · first_building Monastery |
| 17:42 | BalvinatoR · first_building Castle |
| 17:48 | Violet Ania · wall_segment Stone Wall x1 |
| 17:55 | Benedict Cucumberpatch · first_market_buy 100 food |
| 18:11 | OS+ | Tiggerr · wall_segment Stone Wall x11 |
| 18:27 | Violet Ania · wall_segment Stone Wall x5 |
| 18:42 | Violet Ania · wall_segment Stone Wall x1 |
| 19:10 | OS+ | Tiggerr · wall_segment Stone Wall x12 |
| 19:12 | Mirror · first_market_sell 100 food |
| 19:32 | InGodWeTrust · wall_segment Stone Wall x9 |
| 19:37 | OS+ | Tiggerr · wall_segment Stone Wall x1 |
| 19:55 | Violet Ania · wall_segment Stone Wall x7 |
| 20:16 | Mirror · first_building Siege Workshop |
| 20:16 | Violet Ania · first_market_sell 100 stone |
| 20:24 | Mirror · first_building Barracks |
| 20:33 | OS+ | Tiggerr · wall_segment Stone Wall x5 |
| 20:47 | OS+ | Tiggerr · wall_segment Stone Wall x7 |
| 20:47 | Violet Ania · wall_segment Stone Wall x10 |
| 20:57 | Mirror · wall_segment Stone Wall x9 |
| 21:04 | Violet Ania · wall_segment Stone Wall x13 |
| 21:10 | BalvinatoR · first_building Monastery |
| 21:30 | OS+ | Tiggerr · wall_segment Stone Wall x7 |
| 21:45 | OS+ | Tiggerr · first_building Monastery |
| 21:59 | Mirror · first_building Archery Range |
| 22:11 | Fts_ · first_building Monastery |
| 22:23 | Mirror · age_up imperial |
| 22:33 | Benedict Cucumberpatch · first_building Barracks |
| 22:52 | Rooster · first_market_buy 100 food |
| 23:12 | Violet Ania · age_up castle |
| 23:21 | Violet Ania · wall_segment Stone Wall x1 |
| 23:24 | Fts_ · first_building Barracks |
| 24:08 | Benedict Cucumberpatch · first_building Stable |
| 24:20 | Fts_ · first_building Stable |
| 24:27 | Benedict Cucumberpatch · first_building Siege Workshop |
| 25:09 | BalvinatoR · first_market_sell 500 wood |
| 25:11 | Benedict Cucumberpatch · first_building Monastery |
| 25:16 | Rooster · first_building Barracks |
| 25:23 | Violet Ania · wall_segment Stone Wall x6 |
| 25:41 | Benedict Cucumberpatch · first_market_sell 100 food |
| 25:43 | Rooster · wall_segment Stone Wall x5 |
| 26:08 | Benedict Cucumberpatch · first_building Castle |
| 26:11 | Violet Ania · wall_segment Palisade Wall x2 |
| 26:16 | OS+ | Tiggerr · first_building Barracks |
| 26:40 | BalvinatoR · first_building Barracks |
| 27:14 | OS+ | Tiggerr · first_building Stable |
| 27:16 | Fts_ · age_up imperial |
| 28:47 | Violet Ania · first_building Siege Workshop |
| 28:54 | OS+ | Tiggerr · wall_segment Stone Wall x1 |
| 29:06 | BalvinatoR · age_up imperial |
| 29:07 | Benedict Cucumberpatch · age_up imperial |
| 30:02 | BalvinatoR · first_building Stable |
| 30:03 | BalvinatoR · first_building Archery Range |
| 30:13 | Rooster · wall_segment Stone Wall x6 |
| 30:43 | Violet Ania · wall_segment Stone Wall x7 |
| 31:05 | OS+ | Tiggerr · first_building Siege Workshop |
| 33:03 | InGodWeTrust · first_building Castle |
| 33:28 | Mirror · wall_segment Stone Wall x6 |
| 34:14 | Mirror · wall_segment Stone Wall x4 |
| 34:22 | Violet Ania · wall_segment Stone Wall x1 |
| 34:23 | OS+ | Tiggerr · wall_segment Stone Wall x1 |
| 34:23 | Benedict Cucumberpatch · first_building Archery Range |
| 34:28 | InGodWeTrust · first_building Barracks |
| 34:58 | Mirror · wall_segment Stone Wall x1 |
| 35:03 | Mirror · wall_segment Stone Wall x1 |
| 35:04 | Fts_ · first_building Castle |
| 35:05 | OS+ | Tiggerr · wall_segment Stone Wall x12 |
| 35:19 | InGodWeTrust · age_up imperial |
| 35:24 | Violet Ania · wall_segment Stone Wall x7 |
| 36:00 | Rooster · wall_segment Palisade Wall x1 |
| 36:01 | Rooster · wall_segment Palisade Wall x1 |
| 36:02 | OS+ | Tiggerr · wall_segment Stone Wall x3 |
| 36:09 | Benedict Cucumberpatch · tribute_sent a jugador 2 |
| 36:09 | Benedict Cucumberpatch · tribute_sent a jugador 3 |
| 36:09 | Benedict Cucumberpatch · tribute_sent a jugador 4 |
| 36:09 | Benedict Cucumberpatch · tribute_sent a jugador 5 |
| 36:09 | Benedict Cucumberpatch · tribute_sent a jugador 6 |
| 36:09 | Benedict Cucumberpatch · tribute_sent a jugador 7 |
| 36:09 | Benedict Cucumberpatch · tribute_sent a jugador 8 |
| 36:21 | Violet Ania · wall_segment Stone Wall x1 |
| 36:44 | Fts_ · tribute_sent a jugador 1 |
| 36:44 | Fts_ · tribute_sent a jugador 2 |
| 36:44 | Fts_ · tribute_sent a jugador 3 |
| 36:44 | Fts_ · tribute_sent a jugador 5 |
| 36:44 | Fts_ · tribute_sent a jugador 6 |
| 36:44 | Fts_ · tribute_sent a jugador 7 |
| 36:44 | Fts_ · tribute_sent a jugador 8 |
| 36:53 | Mirror · wall_segment Stone Wall x1 |
| 37:09 | Fts_ · tribute_sent a jugador 1 |
| 37:09 | Fts_ · tribute_sent a jugador 2 |
| 37:09 | Fts_ · tribute_sent a jugador 3 |
| 37:09 | Fts_ · tribute_sent a jugador 5 |
| 37:09 | Fts_ · tribute_sent a jugador 6 |
| 37:09 | Fts_ · tribute_sent a jugador 7 |
| 37:09 | Fts_ · tribute_sent a jugador 8 |
| 37:13 | Rooster · first_building Monastery |
| 37:44 | Violet Ania · wall_segment Stone Wall x1 |
| 37:59 | Violet Ania · first_building Castle |
| 38:18 | Violet Ania · wall_segment Stone Wall x1 |
| 38:29 | OS+ | Tiggerr · first_building Archery Range |
| 39:12 | Benedict Cucumberpatch · tribute_sent a jugador 2 |
| 39:12 | Benedict Cucumberpatch · tribute_sent a jugador 3 |
| 39:12 | Benedict Cucumberpatch · tribute_sent a jugador 4 |
| 39:12 | Benedict Cucumberpatch · tribute_sent a jugador 5 |
| 39:12 | Benedict Cucumberpatch · tribute_sent a jugador 6 |
| 39:12 | Benedict Cucumberpatch · tribute_sent a jugador 7 |
| 39:12 | Benedict Cucumberpatch · tribute_sent a jugador 8 |
| 39:26 | Violet Ania · wall_segment Stone Wall x6 |
| 39:39 | Fts_ · tribute_sent a jugador 1 |
| 39:39 | Fts_ · tribute_sent a jugador 2 |
| 39:39 | Fts_ · tribute_sent a jugador 3 |
| 39:39 | Fts_ · tribute_sent a jugador 5 |
| 39:39 | Fts_ · tribute_sent a jugador 6 |
| 39:39 | Fts_ · tribute_sent a jugador 7 |
| 39:39 | Fts_ · tribute_sent a jugador 8 |
| 40:00 | Violet Ania · first_market_buy 100 wood |
| 40:09 | OS+ | Tiggerr · wall_segment Stone Wall x2 |
| 40:21 | Rooster · first_building Siege Workshop |
| 40:32 | OS+ | Tiggerr · age_up imperial |
| 40:35 | Rooster · wall_segment Stone Wall x1 |
| 40:44 | Rooster · age_up imperial |
| 40:51 | OS+ | Tiggerr · first_market_sell 100 wood |
| 41:48 | Benedict Cucumberpatch · tribute_sent a jugador 2 |
| 41:48 | Benedict Cucumberpatch · tribute_sent a jugador 3 |
| 41:48 | Benedict Cucumberpatch · tribute_sent a jugador 4 |
| 41:48 | Benedict Cucumberpatch · tribute_sent a jugador 5 |
| 41:48 | Benedict Cucumberpatch · tribute_sent a jugador 6 |
| 41:48 | Benedict Cucumberpatch · tribute_sent a jugador 7 |
| 41:48 | Benedict Cucumberpatch · tribute_sent a jugador 8 |
| 42:17 | Rooster · first_market_sell 100 food |
| 42:26 | Benedict Cucumberpatch · tribute_sent a jugador 2 |
| 42:26 | Benedict Cucumberpatch · tribute_sent a jugador 3 |
| 42:26 | Benedict Cucumberpatch · tribute_sent a jugador 4 |
| 42:26 | Benedict Cucumberpatch · tribute_sent a jugador 5 |
| 42:26 | Benedict Cucumberpatch · tribute_sent a jugador 6 |
| 42:26 | Benedict Cucumberpatch · tribute_sent a jugador 7 |
| 42:26 | Benedict Cucumberpatch · tribute_sent a jugador 8 |
| 42:31 | BalvinatoR · tribute_sent a jugador 1 |
| 42:31 | BalvinatoR · tribute_sent a jugador 2 |
| 42:31 | BalvinatoR · tribute_sent a jugador 3 |
| 42:31 | BalvinatoR · tribute_sent a jugador 4 |
| 42:31 | BalvinatoR · tribute_sent a jugador 5 |
| 42:31 | BalvinatoR · tribute_sent a jugador 7 |
| 42:31 | BalvinatoR · tribute_sent a jugador 8 |
| 43:06 | Mirror · first_building Castle |
| 44:07 | OS+ | Tiggerr · resign |
[ AI ANALYSIS · 1 CREDIT ]
What really happened in this match?
Wolo.gg analyzes every decision: build order, eco, micro, common mistakes by bracket. Personalized analysis on WhatsApp or Discord in 30 seconds.
Civ guide
Berbers
Perfil
Jugador #90088